TOP OF THE 1ST |
Louisville Bats batting - Pitching for Las Vegas 51s : LHP Jonathan Gendron
|
Pitching: LHP Jonathan Gendron
|
|
Batting: SHB Paul Sandoval
|
0-0: Ball 1-0: Bunt missed! 1-1: Called Strike 1-2: Ball 2-2: Ball 3-2: Foul Ball, location: 2F 3-2: Base on Balls
|
Batting: SHB Freddie Farrar
|
0-0: Ball 1-0: Foul Ball, location: 2F 1-1: Foul Ball, location: 2F 1-2: Grounds into double play, 5-4-3 (Groundball, 5, EV 78.8 MPH)
|
Batting: LHB Randy Racine
|
0-0: Called Strike 0-1: Ball 1-1: Swinging Strike 1-2: Ball 2-2: Ball 3-2: Base on Balls
|
Batting: LHB Shawn Morrison
|
0-0: Called Strike 0-1: Ball 1-1: Foul Ball, location: 2F 1-2: Strikes out swinging
|
Top of the 1st over - 0 runs, 0 hits, 0 errors, 1 left on base; Louisville 0 - Las Vegas 0 |
BOTTOM OF THE 1ST |
Las Vegas 51s batting - Pitching for Louisville Bats : LHP Zach Masengill
|
Pitching: LHP Zach Masengill
|
|
Batting: LHB Adam Hairston
|
0-0: Called Strike 0-1: Ball 1-1: Ball 2-1: Foul Ball, location: 2F 2-2: Ball 3-2: SINGLE (Flyball, 8LS, EV 96.2 MPH)
|
Batting: LHB Marc Durgin
|
0-0: Ball 1-0: Called Strike 1-1: Foul Ball, location: 2F 1-2: Strikes out swinging
|
Batting: SHB Josh Schultze
|
0-0: Ball 1-0: Ball Adam Hairston steals 2nd base (no throw) 2-0: Ground out 5-3 (Groundball, 56S, EV 83.8 MPH)
|
Batting: RHB Mike Titus
|
0-0: Called Strike 0-1: Ball 1-1: Ball 2-1: Ground out 1-3 (Groundball, P, EV 66.9 MPH)
|
Bottom of the 1st over - 0 runs, 1 hit, 0 errors, 1 left on base; Louisville 0 - Las Vegas 0 |
TOP OF THE 2ND |
Louisville Bats batting - Pitching for Las Vegas 51s : LHP Jonathan Gendron
|
Batting: SHB Tim Utz
|
0-0: Ball 1-0: Called Strike 1-1: Ground out 6-3 (Groundball, 6S, EV 85.6 MPH)
|
Batting: RHB Tim Wormell
|
0-0: Called Strike 0-1: Ball 1-1: Swinging Strike 1-2: Strikes out swinging
|
Batting: RHB Chris Zamora
|
0-0: Fly out, F8 (Flyball, 8LD, EV 82.5 MPH)
|
Top of the 2nd over - 0 runs, 0 hits, 0 errors, 0 left on base; Louisville 0 - Las Vegas 0 |
BOTTOM OF THE 2ND |
Las Vegas 51s batting - Pitching for Louisville Bats : LHP Zach Masengill
|
Batting: LHB David McNair
|
0-0: Ball 1-0: Swinging Strike 1-1: Ball 2-1: Ground out 6-3 (Groundball, 6S, EV 76.9 MPH)
|
Batting: RHB Steve Page
|
0-0: Ball 1-0: Ground out 5-3 (Groundball, 56, EV 101.9 MPH)
|
Batting: RHB Steve Dunaway
|
0-0: Ground out 4-3 (Groundball, 34, EV 88.1 MPH)
|
Bottom of the 2nd over - 0 runs, 0 hits, 0 errors, 0 left on base; Louisville 0 - Las Vegas 0 |
TOP OF THE 3RD |
Louisville Bats batting - Pitching for Las Vegas 51s : LHP Jonathan Gendron
|
Batting: LHB Manny Ruvalcaba
|
0-0: Ball 1-0: Ball 2-0: Foul Ball, location: 2F 2-1: Foul Ball, location: 2F 2-2: Ball 3-2: Foul Ball, location: 2F 3-2: Ground out 1-3 (Groundball, 34S, EV 68.8 MPH)
|
Batting: RHB Casey Truax
|
0-0: Called Strike 0-1: Bunt missed! 0-2: Ball 1-2: Strikes out looking
|
Batting: SHB Paul Sandoval
|
0-0: Swinging Strike 0-1: Foul Ball, location: 2F 0-2: Ground out 1-3 (Groundball, 34S, EV 65.0 MPH)
|
Top of the 3rd over - 0 runs, 0 hits, 0 errors, 0 left on base; Louisville 0 - Las Vegas 0 |
BOTTOM OF THE 3RD |
Las Vegas 51s batting - Pitching for Louisville Bats : LHP Zach Masengill
|
Batting: RHB Leon Edwards
|
0-0: Ball 1-0: Called Strike 1-1: Hit by Pitch
|
Batting: LHB Jorge Rosales
|
0-0: Ball 1-0: Foul Ball, location: 2F 1-1: Ball 2-1: Swinging Strike 2-2: Foul Ball, location: 2F 2-2: Ball 3-2: Strikes out swinging Leon Edwards steals 2nd base Batter strikes out.
|
Batting: LHB Adam Hairston
|
0-0: Ball 1-0: DOUBLE (Line Drive, 9LM, EV 108.8 MPH) Leon Edwards scores
|
Batting: LHB Marc Durgin
|
0-0: Ball 1-0: Called Strike 1-1: Fly out, F6 (Line Drive, 6, EV 64.4 MPH) Lined into DP, 6-4 (Line Drive, 6, EV 63.1 MPH)
|
Bottom of the 3rd over - 1 run, 1 hit, 0 errors, 0 left on base; Louisville 0 - Las Vegas 1 |
TOP OF THE 4TH |
Louisville Bats batting - Pitching for Las Vegas 51s : LHP Jonathan Gendron
|
Batting: SHB Freddie Farrar
|
0-0: Called Strike 0-1: SINGLE (Groundball, 56, EV 103.1 MPH)
|
Batting: LHB Randy Racine
|
0-0: Ball Freddie Farrar steals 2nd base 1-0: Ball 2-0: Called Strike 2-1: Ball 3-1: SINGLE (Flyball, 8LS, EV 97.5 MPH) Freddie Farrar to third
|
Batting: LHB Shawn Morrison
|
0-0: Ball 1-0: Foul Ball, location: 2F 1-1: 3-RUN HOME RUN (Flyball, 7D, EV 95.0 MPH), Distance : 371 ft
|
Batting: SHB Tim Utz
|
0-0: Ground out 5-3 (Groundball, 15, EV 88.1 MPH)
|
Batting: RHB Tim Wormell
|
0-0: Called Strike 0-1: Called Strike 0-2: Ball 1-2: Ball 2-2: Fly out, F8 (Line Drive, 8RD, EV 95.6 MPH)
|
Batting: RHB Chris Zamora
|
0-0: Ball 1-0: Ball 2-0: Called Strike 2-1: Ball 3-1: Called Strike 3-2: Base on Balls
|
Batting: LHB Manny Ruvalcaba
|
0-0: Called Strike 0-1: Swinging Strike 0-2: Strikes out looking
|
Top of the 4th over - 3 runs, 3 hits, 0 errors, 1 left on base; Louisville 3 - Las Vegas 1 |
BOTTOM OF THE 4TH |
Las Vegas 51s batting - Pitching for Louisville Bats : LHP Zach Masengill
|
Batting: SHB Josh Schultze
|
0-0: Ground out 1-3 (Groundball, 13S, EV 73.1 MPH)
|
Batting: RHB Mike Titus
|
0-0: Ball 1-0: Fly out, F7 (Flyball, 7LM, EV 80.6 MPH)
|
Batting: LHB David McNair
|
0-0: Ball 1-0: Ball 2-0: Called Strike 2-1: Foul Ball, location: 2F 2-2: Foul Ball, location: 2F 2-2: Foul Ball, location: 2F 2-2: Ground out U3 (Groundball, 3, EV 105.6 MPH)
|
Bottom of the 4th over - 0 runs, 0 hits, 0 errors, 0 left on base; Louisville 3 - Las Vegas 1 |
TOP OF THE 5TH |
Louisville Bats batting - Pitching for Las Vegas 51s : LHP Jonathan Gendron
|
Batting: RHB Casey Truax
|
0-0: Ball 1-0: Ball 2-0: Foul Ball, location: 2F 2-1: Ball 3-1: Foul Ball, location: 2F 3-2: Foul Ball, location: 2F 3-2: Base on Balls
|
Batting: SHB Paul Sandoval
|
0-0: Swinging Strike 0-1: Ball 1-1: Ball 2-1: Swinging Strike 2-2: Ball 3-2: Base on Balls Casey Truax to second
|
Batting: SHB Freddie Farrar
|
0-0: Called Strike 0-1: Ball 1-1: Ball 2-1: Fly out, F8 (Flyball, 89D, EV 101.9 MPH) Runner from 2nd tags up, SAFE at 3rd, no throw by CF
|
Batting: LHB Randy Racine
|
0-0: Ball 1-0: Ball 2-0: Called Strike Paul Sandoval steals 2nd base 2-1: SINGLE (Groundball, 56D, EV 101.2 MPH) Casey Truax scores Paul Sandoval to third Runner from 3rd tries for Home, throw by LF and OUT! 7-2 Randy Racine to second
|
Batting: LHB Shawn Morrison
|
0-0: Ball 1-0: Ball 2-0: Called Strike 2-1: Ball 3-1: Foul Ball, location: 2F 3-2: Base on Balls
|
Batting: SHB Tim Utz
|
0-0: Called Strike 0-1: Ball 1-1: Ball 2-1: Ball 3-1: Base on Balls Randy Racine to third Shawn Morrison to second
|
Batting: RHB Tim Wormell
|
0-0: Ball 1-0: Ball 2-0: Ball 3-0: Base on Balls Randy Racine scores Shawn Morrison to third Tim Utz to second
|
Pitching: LHP Josh Taylor
|
|
Batting: RHB Chris Zamora
|
0-0: Called Strike 0-1: Swinging Strike 0-2: Foul Ball, location: 2F 0-2: Ball 1-2: Ball 2-2: Fly out, F9 (Flyball, 89M, EV 99.4 MPH)
|
Top of the 5th over - 2 runs, 1 hit, 0 errors, 3 left on base; Louisville 5 - Las Vegas 1 |
BOTTOM OF THE 5TH |
Las Vegas 51s batting - Pitching for Louisville Bats : LHP Zach Masengill
|
Now at 1B: Manny Ruvalcaba
|
|
Now in LF: Gerald de Vries
|
|
Batting: RHB Steve Page
|
0-0: Foul Ball, location: 2F 0-1: Fly out, F7 (Flyball, 7S, EV 84.4 MPH)
|
Batting: RHB Steve Dunaway
|
0-0: Ball 1-0: Foul Ball, location: 2F 1-1: Ground out 5-3 (Groundball, 5, EV 103.1 MPH)
|
Batting: RHB Leon Edwards
|
0-0: Called Strike 0-1: Foul Ball, location: 2F 0-2: SINGLE (Groundball, 34D, EV 98.8 MPH)
|
Batting: LHB Jorge Rosales
|
0-0: Called Strike 0-1: Ball 1-1: Foul Ball, location: 2F 1-2: Foul Ball, location: 2F 1-2: Fly out, F7 (Flyball, 7, EV 86.9 MPH)
|
Bottom of the 5th over - 0 runs, 1 hit, 0 errors, 1 left on base; Louisville 5 - Las Vegas 1 |
TOP OF THE 6TH |
Louisville Bats batting - Pitching for Las Vegas 51s : LHP Josh Taylor
|
Batting: LHB Manny Ruvalcaba
|
0-0: Called Strike 0-1: Fly out, F9 (Flyball, 89S, EV 86.9 MPH)
|
Batting: RHB Casey Truax
|
0-0: Foul Ball, location: 2F 0-1: Swinging Strike 0-2: Foul Ball, location: 2F 0-2: SINGLE (Flyball, 78S, EV 90.6 MPH) - OUT at second base trying to stretch hit.
|
Batting: RHB Gerald de Vries
|
0-0: SINGLE (Line Drive, 78M, EV 103.8 MPH)
|
Batting: SHB Freddie Farrar
|
0-0: Called Strike 0-1: Ball 1-1: 2-RUN HOME RUN (Line Drive, 9D, EV 102.5 MPH), Distance : 377 ft
|
Batting: LHB Randy Racine
|
0-0: Ball 1-0: Ball 2-0: Called Strike 2-1: Foul Ball, location: 2F 2-2: Foul Ball, location: 2F 2-2: Fly out, F7 (Flyball, 7LM, EV 73.1 MPH)
|
Top of the 6th over - 2 runs, 3 hits, 0 errors, 0 left on base; Louisville 7 - Las Vegas 1 |
BOTTOM OF THE 6TH |
Las Vegas 51s batting - Pitching for Louisville Bats : LHP Zach Masengill
|
Batting: LHB Adam Hairston
|
0-0: Swinging Strike 0-1: Ball 1-1: Ball 2-1: Foul Ball, location: 2F 2-2: DOUBLE (Line Drive, 7LS, EV 94.4 MPH)
|
Batting: LHB Marc Durgin
|
0-0: Ball 1-0: Foul Ball, location: 2F 1-1: Fly out, F7 (Flyball, 7, EV 80.0 MPH)
|
Batting: SHB Josh Schultze
|
0-0: Ground out 6-3 (Groundball, 4MD, EV 101.9 MPH) Adam Hairston to third
|
Batting: RHB Mike Titus
|
0-0: Ball 1-0: Ball 2-0: Called Strike 2-1: Ball 3-1: Ground out 6-3 (Groundball, 6D, EV 105.0 MPH)
|
Bottom of the 6th over - 0 runs, 1 hit, 0 errors, 1 left on base; Louisville 7 - Las Vegas 1 |
TOP OF THE 7TH |
Louisville Bats batting - Pitching for Las Vegas 51s : LHP Josh Taylor
|
Batting: LHB Shawn Morrison
|
0-0: Ground out 4-3 (Groundball, 34D, EV 100.6 MPH)
|
Batting: SHB Tim Utz
|
0-0: Ball 1-0: Ball 2-0: Ground out U3 (Groundball, 3, EV 87.5 MPH)
|
Batting: RHB Tim Wormell
|
0-0: Called Strike 0-1: Ball 1-1: Ball 2-1: Swinging Strike 2-2: Strikes out swinging
|
Top of the 7th over - 0 runs, 0 hits, 0 errors, 0 left on base; Louisville 7 - Las Vegas 1 |
BOTTOM OF THE 7TH |
Las Vegas 51s batting - Pitching for Louisville Bats : LHP Zach Masengill
|
Batting: LHB David McNair
|
0-0: Called Strike 0-1: Ball 1-1: Ball 2-1: Fly out, F7 (Flyball, 7, EV 90.6 MPH)
|
Batting: RHB Steve Page
|
0-0: Called Strike 0-1: Ground out 3-1 (Groundball, 34S, EV 80.6 MPH)
|
Batting: RHB Steve Dunaway
|
0-0: SINGLE (Groundball, 4, EV 94.4 MPH)
|
Batting: RHB Leon Edwards
|
0-0: Called Strike 0-1: Foul Ball, location: 2F 0-2: Strikes out swinging
|
Bottom of the 7th over - 0 runs, 1 hit, 0 errors, 1 left on base; Louisville 7 - Las Vegas 1 |
TOP OF THE 8TH |
Louisville Bats batting - Pitching for Las Vegas 51s : LHP Josh Taylor
|
Batting: RHB Chris Zamora
|
0-0: Ground out 5-3 (Groundball, 56, EV 103.8 MPH)
|
Batting: LHB Manny Ruvalcaba
|
0-0: Fly out, F8 (Line Drive, 8RD, EV 95.6 MPH)
|
Batting: RHB Casey Truax
|
0-0: Ball 1-0: Called Strike 1-1: Ball 2-1: SINGLE (Groundball, 6D, EV 93.8 MPH)
|
Batting: RHB Gerald de Vries
|
0-0: Ball 1-0: Ball Wild Pitch! Casey Truax to second 2-0: Ball 3-0: Foul Ball, location: 2F 3-1: Base on Balls
|
Pitching: LHP Ryan Price
|
|
Batting: SHB Freddie Farrar
|
0-0: Called Strike 0-1: Called Strike 0-2: Strikes out looking
|
Top of the 8th over - 0 runs, 1 hit, 0 errors, 2 left on base; Louisville 7 - Las Vegas 1 |
BOTTOM OF THE 8TH |
Las Vegas 51s batting - Pitching for Louisville Bats : LHP Zach Masengill
|
Batting: LHB Jorge Rosales
|
0-0: Swinging Strike 0-1: Ball 1-1: Ball 2-1: Fly out, F8 (Flyball, 8LD, EV 93.8 MPH)
|
Batting: LHB Adam Hairston
|
0-0: Ball 1-0: Ball 2-0: Called Strike 2-1: Ball 3-1: Foul Ball, location: 2F 3-2: Base on Balls
|
Pitching: RHP Takashi Kashiwabara
|
|
Batting: LHB Marc Durgin
|
0-0: Ball 1-0: Grounds into double play, 6-4-3 (Groundball, 6, EV 85.6 MPH)
|
Bottom of the 8th over - 0 runs, 0 hits, 0 errors, 0 left on base; Louisville 7 - Las Vegas 1 |
TOP OF THE 9TH |
Louisville Bats batting - Pitching for Las Vegas 51s : LHP Ryan Price
|
Batting: LHB Randy Racine
|
0-0: Ball 1-0: Called Strike 1-1: SINGLE (Groundball, 6MD, EV 103.1 MPH)
|
Batting: LHB Shawn Morrison
|
0-0: Ball 1-0: Called Strike 1-1: Ground out U3 (Groundball, 3S, EV 67.5 MPH) Randy Racine to second
|
Batting: SHB Tim Utz
|
0-0: Ball 1-0: Ball 2-0: DOUBLE (Flyball, 89D, EV 103.8 MPH) Randy Racine scores
|
Batting: RHB Tim Wormell
|
0-0: Ball 1-0: Foul Ball, location: 2F 1-1: Ground out 6-3 (Groundball, 56, EV 78.8 MPH)
|
Batting: RHB Chris Zamora
|
0-0: Ball 1-0: Called Strike 1-1: Foul Ball, location: 2F 1-2: Strikes out swinging
|
Top of the 9th over - 1 run, 2 hits, 0 errors, 1 left on base; Louisville 8 - Las Vegas 1 |
BOTTOM OF THE 9TH |
Las Vegas 51s batting - Pitching for Louisville Bats : RHP Takashi Kashiwabara
|
Pinch Hitting: RHB Adam Mason
|
0-0: Ball 1-0: Ball 2-0: Ball 3-0: Base on Balls
|
Batting: RHB Mike Titus
|
0-0: Ball 1-0: Fielders Choice at 2nd, 5-4 (Groundball, 56, EV 99.4 MPH)
|
Batting: LHB David McNair
|
0-0: Ball 1-0: Called Strike 1-1: Swinging Strike 1-2: Foul Ball, location: 2F 1-2: Ball 2-2: Strikes out swinging
|
Batting: RHB Steve Page
|
0-0: Foul Ball, location: 2F 0-1: Fielders Choice at 2nd, 6-4 (Groundball, 6D, EV 108.8 MPH)
|
Bottom of the 9th over - 0 runs, 0 hits, 0 errors, 1 left on base; Louisville 8 - Las Vegas 1 |
|